 Dungeon Crawl Stone Soup version 0.29-a0-221-gceb61267dd (webtiles) character file.

Game seed: 8372176851531545352

99 Aksej the Skirmisher (level 4, 0/37 HPs)
             Began as a Demonspawn Monk on Feb 26, 2022.
             Slain by an orc
             ... wielding a +0 hand axe
              (6 damage)
             ... on level 3 of the Dungeon.
             The game lasted 00:03:03 (2188 turns).

Aksej the Skirmisher (Demonspawn Monk)              Turns: 2188, Time: 00:03:04

Health: 0/37       AC:  2    Str: 11    XL:     4   Next: 45%
Magic:  4/4        EV: 15    Int: 12    God:
Gold:   144        SH:  0    Dex: 17    Spells: 3/3 levels left

rFire   . . .      SeeInvis .   a - +0 mace
rCold   . . .      Faith    .   (no shield)
rNeg    . . .      Spirit   .   b - +0 robe
rPois   .          Reflect  .   (no helmet)
rElec   .          Harm     .   (no cloak)
rCorr   .          Rampage  .   (no gloves)
Will    .....                   (no boots)
Stlth   ++........              (no amulet)
HPRegen 0.12/turn               (no ring)
MPRegen 0.09/turn               (no ring)

@: no status effects
A: repulsion field 1, spiny 1, demonic magic 1
a: no special abilities


You were on level 3 of the Dungeon.
You visited 1 branch of the dungeon, and saw 3 of its levels.

You collected 144 gold pieces.

Inventory:

Hand Weapons
 a - a +0 mace (weapon)
 i - a +0 club
Armour
 b - a +0 robe (worn)
 j - a +0 helmet
Jewellery
 f - a ring of ice
Scrolls
 d - a scroll of fog
 g - a scroll of teleportation {unknown}
 h - a scroll of holy word {unknown}
Potions
 c - a potion of heal wounds
 k - a potion of might
 l - a potion of lignification


   Skills:
 * Level 3.7 Fighting
 + Level 3.7 Maces & Flails
 + Level 3.2 Dodging
 + Level 2.1 Stealth


You had 3 spell levels left.
You didn't know any spells.
Your spell library was empty.

Dungeon Overview and Level Annotations

Branches:
Dungeon (3/15)

Altars:
Qazlal


Innate Abilities, Weirdness & Mutations

You are surrounded by a mild repulsion field. (EV +2)
You are partially covered in sharp spines.
Spells you cast may paralyse adjacent enemies.


Message History

You closely miss the orc wizard.
The orc wizard is heavily wounded.
The orc wizard misses you.
You barely miss the orc wizard.
The orc wizard is heavily wounded.
The orc barely misses you.
The orc wizard is struck by your spines.
The orc wizard closely misses you.
You closely miss the orc wizard.
The orc wizard is heavily wounded.
The orc hits you with a +0 flail.
The orc wizard is struck by your spines.
The orc wizard hits you with a +0 dagger.
You miss the orc wizard.
The orc wizard is severely wounded.
The orc is struck by your spines. The orc closely misses you.
The orc wizard barely misses you.
You barely miss the orc wizard.
The orc wizard is severely wounded.
The orc hits you with a +0 flail.
The orc wizard gestures at you while chanting.
The puff of flame hits you! The orc is struck by your spines.
You kill the orc!
The orc wizard hits you with a +0 dagger.
You barely miss the orc wizard.
The orc wizard is severely wounded.
The orc wizard casts a spell at you. The magic dart hits you!
* * * LOW HITPOINT WARNING * * *
The orc barely misses you.
You sock the orc wizard!
You kill the orc wizard!
The orc closely misses you.
You hit the orc.
The orc is severely wounded.
The orc closely misses you.
You closely miss the orc.
The orc is severely wounded.
The orc hits you with a +0 hand axe.
You die...

#########
#.#####........
......o).......
#@........ #.........#
#.........# #.
#.........# #.# #
#.........# #.#
#.##.##.........# #.###
#...............####.#..
#..#?##..............#.#
....................#<#


You could see an orc.

Vanquished Creatures
  An orc wizard (D:3)
  Robin (D:2)
  A dart slug (D:1)
  3 orcs (D:3)
  4 ball pythons
  5 endoplasms
  5 giant cockroaches
  2 hobgoblins (D:2)
  A quokka (D:1)
  4 bats
  2 frilled lizards (D:1)
  14 goblins
  6 kobolds
  5 rats
54 creatures vanquished.

Notes
Turn   | Place    | Note
-------+----------+-------------------------------------------
     0 | D:1      | Aksej the Demonspawn Monk began the quest for the Orb.
     0 | D:1      | Reached XP level 1. HP: 18/18 MP: 1/1
   326 | D:1      | Gained mutation: You are surrounded by a mild repulsion
                  | field. (EV +2) [demonic ancestry]
   326 | D:1      | Reached XP level 2. HP: 22/24 MP: 2/2
   384 | D:1      | HP: 1/24 [ball python (2)]
   736 | D:1      | HP: 1/24 [frilled lizard (2)]
  1242 | D:1      | Gained mutation: You are partially covered in sharp spines.
                  | [demonic ancestry]
  1242 | D:1      | Reached XP level 3. HP: 22/29 MP: 3/3
  1349 | D:1      | You fall into a shaft and drop 1 floor!
  1349 | D:2      | Found a stormy altar of Qazlal.
  1503 | D:2      | Noticed Robin
  1526 | D:2      | Killed Robin
  2112 | D:2      | Gained mutation: Spells you cast may paralyse adjacent
                  | enemies. [demonic ancestry]
  2112 | D:2      | Reached XP level 4. HP: 36/36 MP: 4/4
  2188 | D:3      | Slain by an orc

Illustrated notes

Levels and vault maps discovered:
D:1:      saegor_arrival_simple_e, layout_loops_ring, grunt_decor_resistance
D:2:      layout_rooms, basic_altar, uniq_robin
D:3:      layout_basic, kennysheep_generic_room_6

Skill      XL: |  1  2  3 |
---------------+----------+-----
Maces & Flails | 3 |  3.7
Dodging        | 3 |  3.2
Stealth        | 2 |  2.1
Fighting       | |  3.7

Action                   |  1- 3 |  4- 6 || total
-------------------------+-------+-------++-------
Melee: Mace              |   100 |    13 ||   113
  Use: Scroll            |     3 |     1 ||     4
       Potion            |     1 |       ||     1
 Stab: Sleeping          |     2 |     1 ||     3
Armor: Robe              |    23 |       ||    23
Dodge: Dodged            |   106 |     9 ||   115

Table legend: (Time is in decaauts)
 A = Elapsed time spent in this place.
 B = Non-inter-level travel time spent in this place.
 C = Inter-level travel time spent in this place.
 D = Time resting spent in this place.
 E = Time spent auto-exploring this place.
 F = Levels seen in this place.
 G = Mean time per level.
                   A        B        C        D        E       F      G
               +--------+--------+--------+--------+--------+-----+--------+
         Total |   2215 |   2208 |      7 |      0 |   1873 |   3 |  738.3 |
       Dungeon |   2215 |   2208 |      7 |      0 |   1873 |   3 |  738.3 |
               +--------+--------+--------+--------+--------+-----+--------+

Top non-repeatable levels by time:
     D:1: 1571 daAuts
     D:2: 604 daAuts
     D:3: 40 daAuts
